 Dungeon Crawl Stone Soup version 0.26-a0-665-gefeb406119 (webtiles) character file.

Game seed: 8393834397993694149

5 robertstho the Sneak (level 1, 0/18 HPs)
             Began as a Demonspawn Delver on Oct 14, 2020.
             Was an Initiate of Dithmenos.
             Killed from afar by a white imp (9 damage)
             ... with a puff of frost
             ... on level 5 of the Dungeon.
             The game lasted 00:01:47 (576 turns).

robertstho the Sneak (Demonspawn Delver)             Turns: 576, Time: 00:01:48

Health: 0/18       AC:  3    Str: 12    XL:     1   Next: 66%
Magic:  1/1        EV: 12    Int: 11    God:    Dithmenos [......]
Gold:   0          SH:  0    Dex: 14    Spells: 0/0 levels left

rFire    . . .     SeeInvis .   a - +0 spear
rCold    . . .     Faith    .   (no shield)
rNeg     . . .     Spirit   .   b - +0 leather armour
rPois    .         Reflect  .   (no helmet)
rElec    .         Harm     .   (no cloak)
rCorr    .         Rampage  .   (no gloves)
MR       .....                  (no boots)
Stlth    +++.......             (no amulet)
HPRegen  0.06/turn              (no ring)
MPRegen  0.07/turn              (no ring)

@: no status effects
A: no striking features
a: Renounce Religion


You were on level 5 of the Dungeon.
You worshipped Dithmenos.
Dithmenos was noncommittal.
You visited 2 branches of the dungeon, and saw 2 of its levels.

Inventory:

Hand Weapons
 a - a +0 spear (weapon)
Armour
 b - a +0 leather armour (worn)
 h - a +0 scale mail
Wands
 g - a wand of digging (3)
Scrolls
 c - a scroll of fog
 d - a scroll of magic mapping
 e - a scroll of fear
Potions
 f - a potion of curing {unknown}
 i - 2 potions of heal wounds {unknown}


   Skills:
 + Level 3.0 Fighting
 + Level 1.8 Polearms
 + Level 1.7 Dodging
 + Level 4.7 Stealth
 * Level 0.3 Invocations


You couldn't memorise any spells.
You didn't know any spells.
Your spell library was empty.

Dungeon Overview and Level Annotations

Branches:
Dungeon (5/15)             Temple (1/1) D:5

Altars:
Dithmenos
Elyvilon
Fedhas
Hepliaklqana
Nemelex Xobeh
Qazlal
Ru
Uskayaw
Yredelemnul
Zin


Message History

You are too injured to fight recklessly!
You are too injured to fight recklessly!
You are too injured to fight recklessly!
You hit the white imp but do no damage.
The white imp is lightly wounded.
The white imp spits at you.
The white imp hits you but does no damage.
You closely miss the white imp.
The white imp is lightly wounded.
The white imp misses you.
You hit the white imp.
The white imp is heavily wounded.
The white imp disappears for a moment.
The white imp misses you.
You hit the white imp.
The white imp is severely wounded.
The white imp gestures at you. The puff of frost hits you!
Ouch! That really hurt!
You die...

##.#########.##.####...
......## #.##.####.##
.#.##..# #.#.......#
.#.###5#####.#.......#
#.# #.....!.........#
#.###5.##...##......#
#.##...##...##......#
#.##................#
#.##.#B...>$..5@....#
#...................#
#####..##...##......#
#..##...##......#
#...............######
###......#......#....#
#......#......#....#
#......######.#....#
#......# #......#


You could see a white imp.

Vanquished Creatures
  A worm (D:5)
  A giant cockroach (D:5)
  A quokka zombie (D:5)
3 creatures vanquished.

Notes
Turn   | Place    | Note
-------+----------+-------------------------------------------
     0 | D:5      | robertstho the Demonspawn Delver began the quest for the
                  | Orb.
     0 | D:5      | Reached XP level 1. HP: 18/18 MP: 1/1
     2 | D:5      | Noticed a worker ant
     3 | D:5      | Found a staircase to the Ecumenical Temple.
     3 | D:5      | Noticed a howler monkey
    13 | Temple   | Entered the Ecumenical Temple
   220 | Temple   | Became a worshipper of Dithmenos the Shadowed
   576 | D:5      | Killed from afar by a white imp

Illustrated notes

Levels and vault maps discovered:
D:5:      layout_basic, lemuel_zombie_altar_kikubaaqudgha,
          nicolae_overflow_quartered_altars, minmay_temple_entry_stoned_glass,
          lemuel_tele_altar
Temple:   dpeg_chambers_temple

Action                   || total
-------------------------++-------
Melee: Spear             ||    25
  Use: Potion            ||     1
 Stab: Distracted        ||     1
Armor: Leather armour    ||     6
Dodge: Dodged            ||    12

Table legend: (Time is in decaauts)
 A = Elapsed time spent in this place.
 B = Non-inter-level travel time spent in this place.
 C = Inter-level travel time spent in this place.
 D = Time resting spent in this place.
 E = Time spent auto-exploring this place.
 F = Levels seen in this place.
 G = Mean time per level.
                   A        B        C        D        E       F      G
               +--------+--------+--------+--------+--------+-----+--------+
         Total |    561 |    515 |     46 |      0 |    350 |   2 |  280.5 |
       Dungeon |    326 |    325 |      1 |      0 |    165 |   1 |  326.0 |
        Temple |    234 |    189 |     45 |      0 |    185 |   1 |  234.0 |
               +--------+--------+--------+--------+--------+-----+--------+

Top non-repeatable levels by time:
     D:5: 326 daAuts
  Temple: 234 daAuts
